AoeStats
← taileibuxiang108

Fortress

509405167Analyzed
4v4 RM · 6d ago on Sep 26, 2026· 39m 14s· 8 players
Game mode
Random Map
Map size
Huge
Population
200
Speed
Normal
Resources
Standard
Victory
Conquest
Starting age
Dark Age
Ending age
Imperial Age
RankedLock teamsTeams togetherTeam positionsShared explorationLock speedFull tech treeHidden civsTurbo modeCheats
Victory
Defeat
🇨🇳 Romans · China
1269
+15
🇭🇰 Malay · Hong Kong SAR China
1261
+15
1260
+15
🇹🇷 Saracens · Türkiye
1256
+15
🇲🇽 Magyars · Mexico
1277
-18
🇺🇸 Bohemians · United States
1267
-16
🇺🇸 Slavs · United States
1202
-13
🇺🇸 Celts · United States
1200
-13
Conqurues
7:40 Feudal Age
11:33 Castle Age
9:58 Horse Collar
10:05 Double-Bit Axe
14:14 Bow Saw
22:22 Wheelbarrow
26:19 Imperial Age
25:22 Gold Mining
26:16 Scale Barding Armor
26:21 Forging
27:14 Hand Cart
26:30 Elite Mameluke
27:33 Conscription
28:22 Chain Barding Armor
28:39 Iron Casting
28:14 Loom
28:15 Town Watch
29:09 Gold Shaft Mining
28:25 Stone Mining
30:43 Plate Barding Armor
32:20 Blast Furnace
WanGGG
8:30 Feudal Age
12:24 Castle Age
10:19 Double-Bit Axe
10:26 Horse Collar
12:21 Bow Saw
13:44 Heavy Plow
16:23 Loom
17:19 Wheelbarrow
24:05 Imperial Age
21:20 Town Watch
21:30 Stone Mining
22:11 Scale Barding Armor
23:04 Hand Cart
23:40 Husbandry
24:04 Conscription
24:36 Forging
26:13 Iron Casting
25:00 Elite Battle Elephant
27:13 Gold Mining
29:22 Blast Furnace
30:10 Gold Shaft Mining
29:30 Fletching
31:51 Bodkin Arrow
33:38 Coinage
33:09 Caravan
36:04 Banking
35:46 Bracer
36:48 Padded Archer Armor
37:14 Ballistics
37:05 Masonry
38:07 Elite Karambit Warrior
39:08 Squires
38:59 Arson
39:41 Leather Archer Armor
taileibuxiang108
7:50 Feudal Age
11:51 Castle Age
9:55 Double-Bit Axe
10:42 Horse Collar
11:57 Wheelbarrow
14:54 Man-at-Arms
15:54 Long Swordsman
17:34 Loom
19:33 Scale Mail Armor
20:59 Forging
21:37 Bow Saw
22:22 Squires
23:10 Gold Mining
23:10 Stone Mining
25:10 Chain Mail Armor
29:04 Imperial Age
26:21 Town Watch
26:58 Heavy Plow
27:38 Gold Shaft Mining
27:10 Pikeman
28:53 Iron Casting
29:19 Capped Ram
29:23 Legionary
30:42 Conscription
30:04 Heavy Scorpion
30:55 Town Patrol
32:27 Ballistics
33:07 Chemistry
33:30 Crop Rotation
33:38 Siege Engineers
34:30 Halberdier
34:35 Siege Ram
DAO HAO DOG HAVE DEAD FAMILY
7:44 Feudal Age
9:10 Double-Bit Axe
11:40 Castle Age
9:28 Horse Collar
16:16 Bow Saw
17:33 Loom
19:54 Szlachta Privileges
20:35 Bow Saw
21:22 Scale Barding Armor
21:59 Wheelbarrow
21:40 Gold Mining
24:07 Chain Barding Armor
24:22 Husbandry
24:32 Bloodlines
28:24 Imperial Age
26:08 Forging
28:49 Heavy Plow
31:17 Iron Casting
31:07 Hand Cart
30:36 Cavalier
30:55 Cavalier
32:09 Lechitic Legacy
32:10 Conscription
33:32 Crop Rotation
34:10 Hoardings
36:19 Light Cavalry
37:10 Winged Hussar
Sir Penjamin Danklin II
7:59 Feudal Age
12:09 Castle Age
9:55 Double-Bit Axe
13:36 Forging
14:12 Bow Saw
15:27 Loom
19:37 Arson
20:57 Horse Collar
22:25 Wheelbarrow
32:45 Hand Cart
32:20 Town Watch
32:07 Man-at-Arms
32:33 Gambesons
32:15 Pikeman
SepticGiraffe
8:55 Feudal Age
9:46 Loom
10:35 Double-Bit Axe
10:38 Horse Collar
13:31 Castle Age
15:07 Bow Saw
16:46 Wheelbarrow
17:00 Heavy Plow
21:05 Scale Mail Armor
21:07 Town Watch
25:49 Imperial Age
25:34 Chemistry
27:56 Conscription
28:14 Padded Archer Armor
27:43 Pikeman
31:29 Chain Mail Armor
31:25 Forging
37:49 Hand Cart
38:39 Two-Man Saw
37:15 Halberdier
[GDL] R_Oak
7:59 Feudal Age
11:36 Castle Age
9:45 Double-Bit Axe
10:21 Horse Collar
12:32 Bow Saw
17:52 Heavy Plow
19:53 Gold Mining
25:42 Imperial Age
23:49 Wheelbarrow
22:59 Loom
23:18 Fletching
23:34 Scale Barding Armor
24:02 Stone Mining
24:48 Gold Shaft Mining
24:46 Bloodlines
24:37 Husbandry
25:02 Hand Cart
25:19 Corvinian Army
25:40 Chain Barding Armor
25:23 Padded Archer Armor
27:27 Two-Man Saw
27:10 Plate Barding Armor
26:32 Bodkin Arrow
27:09 Elite Magyar Huszar
28:14 Conscription
28:27 Bracer
29:28 Leather Archer Armor
29:49 Crop Rotation
29:43 Town Watch
29:59 Scale Mail Armor
29:21 Pikeman
30:10 Halberdier
31:07 Chain Mail Armor
35:02 Onager
SmokeyDaBear
8:20 Feudal Age
10:15 Loom
10:57 Horse Collar
13:37 Castle Age
11:26 Double-Bit Axe
20:09 Wheelbarrow
20:44 Bow Saw
20:40 Heavy Plow
25:45 Imperial Age
24:45 Pikeman
25:25 Squires
25:56 Man-at-Arms
25:57 Halberdier
26:46 Padded Archer Armor
26:48 Scale Mail Armor
26:59 Forging
28:37 Conscription
28:20 Detinets
28:03 Long Swordsman
29:17 Chain Mail Armor
29:28 Two-Handed Swordsman
30:10 Gold Mining
30:14 Stone Mining
30:14 Onager
31:36 Champion
32:52 Plate Mail Armor
39:09 Iron Casting
Connection lost

Rejoining the realm…

Still unreachable

The connection could not be restored.

Session expired

The server has moved on; the page needs a fresh start.